AoeStats
← Toblerone Order

Pilgrims

507306023Analyzed
4v4 RM · 15d ago on Sep 17, 2026· 31m 38s· 8 players
Game mode
Random Map
Map size
Large (8 player)
Population
200
Speed
Normal
Resources
Standard
Victory
Conquest
Starting age
Dark Age
Ending age
Imperial Age
RankedLock teamsTeams togetherTeam positionsShared explorationLock speedFull tech treeHidden civsTurbo modeCheats
Victory
Defeat
🇺🇸 Mongols · United States
1537
+13
🇦🇷 Georgians · Argentina
1532
+13
🇻🇳 Saracens · Vietnam
1528
+13
🇹🇼 Burgundians · Taiwan
1432
+18
🇨🇱 Malay · Chile
1506
-16
🇹🇷 Bulgarians · Türkiye
1499
-15
🇳🇱 Tatars · Netherlands
1435
-13
🇹🇷 Bohemians · Türkiye
1430
-13
Toblerone Order
5:29 Loom
11:41 Feudal Age
12:32 Double-Bit Axe
13:34 Fishing Lines
15:46 Fletching
19:51 Castle Age
19:39 Stone Mining
19:57 Gold Mining
20:52 Medium Warships
20:40 Bodkin Arrow
21:18 Scale Barding Armor
21:23 Forging
21:17 Horse Collar
21:48 Bow Saw
22:15 Gold Shaft Mining
24:50 Ballistics
24:44 Clinker Construction
25:47 Chain Barding Armor
26:02 Iron Casting
28:10 Scale Mail Armor
29:55 Stone Shaft Mining
SEFA
3:43 Loom
11:20 Feudal Age
13:02 Double-Bit Axe
15:33 Castle Age
19:26 Fervor
21:45 Sanctity
29:04 Chemistry
28:08 Padded Archer Armor
30:59 Town Watch
Goen
8:52 Loom
13:39 Feudal Age
19:16 Castle Age
19:01 Fletching
20:43 Double-Bit Axe
32:20 Bow Saw
Hennessy
5:53 Loom
11:07 Feudal Age
15:38 Castle Age
13:52 Double-Bit Axe
15:29 Horse Collar
20:54 Town Watch
25:37 Forging
27:52 Wheelbarrow
27:27 Fletching
30:20 Hand Cart
30:37 Town Patrol
31:52 Bow Saw
31:42 Heavy Plow
歐吉桑
3:46 Loom
11:16 Feudal Age
15:28 Castle Age
15:09 Double-Bit Axe
16:43 Horse Collar
18:07 Scale Barding Armor
24:23 Wheelbarrow
25:04 Chain Barding Armor
25:42 Heavy Plow
26:29 Devotion
26:37 Gold Mining
27:09 Forging
28:34 Hand Cart
29:13 Town Watch
32:38 Imperial Age
Chim cu đi tắm
8:15 Loom
10:24 Feudal Age
17:18 Castle Age
18:53 Wheelbarrow
21:09 Redemption
25:41 Double-Bit Axe
25:41 Horse Collar
29:50 Bow Saw
30:35 Gold Mining
31:15 Fishing Lines
Bis
6:57 Loom
12:08 Feudal Age
13:55 Double-Bit Axe
16:53 Castle Age
15:11 Fishing Lines
16:24 Gold Mining
18:05 Horse Collar
18:35 Bow Saw
19:50 Wheelbarrow
20:04 Medium Warships
20:17 Gillnets
21:48 Clinker Construction
21:45 Siphons
21:52 Careening
26:37 Hand Cart
30:33 Imperial Age
29:28 Gold Shaft Mining
28:43 Stone Mining
29:23 Scale Barding Armor
29:28 Forging
30:21 Heavy Plow
30:28 Town Watch
31:20 Husbandry
31:30 Bloodlines
32:10 Chain Barding Armor
UBERstrats
3:46 Loom
10:25 Feudal Age
12:18 Double-Bit Axe
13:01 Horse Collar
15:46 Scale Barding Armor
16:16 Forging
20:28 Castle Age
19:33 Bloodlines
20:31 Light Cavalry
21:33 Chain Barding Armor
27:54 Heavy Plow
28:05 Bow Saw
28:15 Husbandry
28:47 Fletching
29:50 Wheelbarrow
29:01 Town Watch
30:53 Hand Cart
31:38 Stone Mining
Connection lost

Rejoining the realm…

Still unreachable

The connection could not be restored.

Session expired

The server has moved on; the page needs a fresh start.